AoeStats
← Alyosha

Fortress

510211128Analyzed
4v4 RM · 2d ago on Sep 30, 2026· 53m 37s· 8 players
Game mode
Random Map
Map size
Huge
Population
200
Speed
Normal
Resources
Standard
Victory
Conquest
Starting age
Dark Age
Ending age
Imperial Age
RankedLock teamsTeams togetherTeam positionsShared explorationLock speedFull tech treeHidden civsTurbo modeCheats
Victory
Defeat
🇨🇱 Vietnamese · Chile
759
+17
🇺🇸 Turks · United States
738
+18
🇲🇽 Lithuanians · Mexico
719
+18
🇨🇱 Romans · Chile
700
+19
🇨🇦 Inca · Canada
840
-20
🇲🇽 Saracens · Mexico
804
-19
🇯🇵 Persians · Japan
762
-18
🇺🇸 Khitans · United States
692
-15
oneal321
4:22 Loom
8:21 Feudal Age
9:10 Domestication
11:02 Double-Bit Axe
23:24 Castle Age
22:56 Fletching
23:18 Forging
23:11 Scale Mail Armor
23:18 Scale Barding Armor
23:15 Padded Archer Armor
24:42 Lamellar Armor
24:49 Squires
24:12 Pikeman
25:23 Thumb Ring
24:49 Elite Skirmisher
26:02 Bow Saw
25:56 Pastoralism
28:37 Bodkin Arrow
31:46 Fortified Wall
31:33 Murder Holes
31:29 Guard Tower
32:04 Ballistics
31:57 Masonry
33:02 Chain Mail Armor
34:42 Iron Casting
35:20 Wheelbarrow
39:13 Leather Archer Armor
Coffee Bean
7:47 Feudal Age
8:33 Double-Bit Axe
8:30 Horse Collar
14:19 Castle Age
12:48 Stone Mining
15:35 Wheelbarrow
16:01 Heavy Plow
16:22 Bow Saw
21:39 Gold Mining
26:13 Imperial Age
24:57 Gold Shaft Mining
24:47 Hand Cart
25:33 Stone Shaft Mining
25:14 Forging
25:05 Scale Mail Armor
24:47 Treadmill Crane
25:28 Ballistics
26:09 Squires
25:55 Arson
25:31 Champi Runner
27:04 Iron Casting
26:42 Masonry
27:43 Conscription
27:39 Guilds
27:50 Chain Mail Armor
28:09 Champi Warrior
29:52 Blast Furnace
29:22 Plate Mail Armor
29:31 Plate Mail Armor
29:08 Fabric Shields
29:52 Elite Champi Warrior
31:09 Pikeman
32:18 Halberdier
32:21 Elite Kamayuk
Lord Drache
0:51 Loom
10:39 Feudal Age
11:14 Double-Bit Axe
11:11 Horse Collar
11:28 Gold Mining
11:33 Stone Mining
19:28 Castle Age
18:29 Bloodlines
20:11 Forging
19:52 Fletching
21:00 Heavy Plow
21:55 Bow Saw
22:39 Gold Shaft Mining
26:01 Fortified Wall
25:48 Murder Holes
27:57 Masonry
28:08 Ballistics
27:13 Elite Skirmisher
28:02 Scale Barding Armor
27:51 Town Watch
28:48 Bodkin Arrow
30:17 Wheelbarrow
34:31 Imperial Age
32:18 Padded Archer Armor
33:14 Iron Casting
33:15 Hand Cart
33:30 Town Patrol
34:13 Husbandry
34:48 Chain Barding Armor
34:44 Leather Archer Armor
36:34 Conscription
35:43 Elite Mameluke
37:43 Bracer
38:43 Blast Furnace
38:19 Plate Barding Armor
38:54 Chemistry
40:37 Two-Man Saw
40:10 Ring Archer Armor
39:16 Heavy Camel Rider
44:29 Counterweights
51:18 Caravan
kokokun
7:38 Feudal Age
13:28 Castle Age
11:37 Double-Bit Axe
12:41 Horse Collar
12:59 Gold Mining
14:18 Wheelbarrow
13:35 Loom
14:34 Bow Saw
15:41 Hand Cart
15:40 Stone Mining
22:08 Stone Shaft Mining
25:37 Heavy Plow
27:34 Gold Shaft Mining
26:23 Crossbowman
29:39 Ballistics
29:15 Murder Holes
29:25 Town Watch
29:49 Thumb Ring
29:50 Padded Archer Armor
29:40 Fletching
31:25 Parthian Tactics
33:39 Kamandaran
36:33 Imperial Age
39:09 Chemistry
38:20 Masonry
37:37 Elite War Elephant
39:13 Citadels
43:36 Scale Barding Armor
43:44 Forging
50:05 Chain Barding Armor
50:20 Iron Casting
49:41 Bodkin Arrow
50:02 Leather Archer Armor
Alyosha
8:28 Feudal Age
14:44 Castle Age
15:57 Double-Bit Axe
16:12 Stone Mining
19:22 Loom
21:00 Horse Collar
23:19 Gold Mining
28:48 Imperial Age
27:43 Wheelbarrow
27:41 Bow Saw
28:53 Hand Cart
31:22 Heavy Plow
32:22 Ballistics
31:28 Elite Janissary
32:29 Conscription
36:27 Artillery
38:40 Two-Man Saw
38:00 Masonry
37:34 Treadmill Crane
37:52 Murder Holes
38:00 Town Watch
40:01 Hoardings
39:31 Town Patrol
40:47 Gold Shaft Mining
41:47 Fortified Wall
41:21 Sappers
42:42 Masonry
42:49 Padded Archer Armor
42:39 Fletching
43:01 Forging
44:49 Caravan
45:20 Coinage
48:57 Iron Casting
48:18 Bodkin Arrow
48:38 Leather Archer Armor
51:30 Banking
51:11 Guilds
51:15 Bracer
51:45 Ring Archer Armor
52:16 Blast Furnace
51:53 Architecture
51:14 Heated Shot
anzolablan
5:06 Loom
8:40 Feudal Age
11:17 Horse Collar
11:29 Double-Bit Axe
15:12 Castle Age
14:58 Bloodlines
14:48 Gold Mining
14:51 Stone Mining
16:14 Wheelbarrow
21:27 Stone Shaft Mining
21:43 Forging
22:31 Wheelbarrow
22:27 Heavy Plow
25:15 Fervor
26:18 Bow Saw
27:51 Hand Cart
27:57 Hand Cart
28:27 Ballistics
28:04 Murder Holes
28:04 Treadmill Crane
31:14 Husbandry
31:27 Scale Barding Armor
32:41 Elite Skirmisher
33:27 Thumb Ring
34:03 Iron Casting
33:50 Chain Barding Armor
33:21 Fletching
33:32 Padded Archer Armor
38:47 Imperial Age
37:37 Caravan
37:56 Bodkin Arrow
38:17 Leather Archer Armor
39:49 Conscription
38:52 Elite Leitis
40:17 Plate Barding Armor
40:50 Chemistry
40:41 Crop Rotation
41:10 Bracer
41:41 Ring Archer Armor
42:34 Imperial Skirmisher
PerdiendoConCan
7:21 Feudal Age
12:01 Castle Age
10:12 Double-Bit Axe
13:13 Pikeman
14:21 Bow Saw
19:18 Horse Collar
22:42 Squires
22:28 Arson
23:44 Caravan
24:15 Coinage
28:16 Imperial Age
25:41 Loom
26:11 Town Watch
27:07 Wheelbarrow
27:21 Treadmill Crane
27:59 Elite Skirmisher
30:03 Two-Man Saw
28:33 Halberdier
30:21 Hand Cart
30:07 Town Patrol
31:18 Chemistry
30:50 Heavy Plow
30:43 Gold Mining
30:43 Stone Mining
31:31 Paper Money
34:03 Crop Rotation
34:11 Stone Shaft Mining
33:59 Fletching
34:22 Forging
33:39 Imperial Skirmisher
35:26 Elite Battle Elephant
36:57 Iron Casting
36:28 Scale Barding Armor
39:16 Bloodlines
39:06 Husbandry
40:59 Chain Barding Armor
42:13 Chatras
45:26 Fletching
45:36 Padded Archer Armor
elguille911
8:19 Feudal Age
10:25 Double-Bit Axe
14:54 Castle Age
14:35 Horse Collar
15:13 Forging
15:04 Padded Archer Armor
14:55 Fletching
15:07 Scale Mail Armor
18:07 Caravan
19:14 Bow Saw
19:14 Squires
29:30 Heavy Plow
30:08 Wheelbarrow
28:57 Pikeman
29:35 Bodkin Arrow
29:56 Leather Archer Armor
31:20 Man-at-Arms
33:10 Long Swordsman
40:07 Imperial Age
41:04 Heavy Scorpion
44:09 Chain Mail Armor
44:29 Iron Casting
45:42 Chemistry
45:55 Ballistas
46:32 Halberdier
Connection lost

Rejoining the realm…

Still unreachable

The connection could not be restored.

Session expired

The server has moved on; the page needs a fresh start.